Lightning vs Sabres

Created - den 4 december 2014 at 16:56

Goals
1 2 3 OT1 SO T
Lightning 2 2 0 0 2 5
Sabres 1 0 3 0 1 4
Shots
1 2 3 OT1 SO T
Lightning 11 13 8 1 3 33
Sabres 9 6 19 1 3 35

1st period

1. Lightning , John Tavares 8 (Dan Hamhuis) at 0:14
2. Sabres , Derek Morris 2 (Troy Brouwer, Sidney Crosby) at 19:20
3. Lightning , Kyle Okposo 9 (Andrew Ference) at 19:52

Penalties :
Chris Tanev (TBL) for Hooking (Minor) at 14:12

2nd period

4. Lightning , Jeff Carter 10 (Kevin Bieksa, T.J. Brodie) at 4:22 (PP)
5. Lightning , Chris Tanev 2 (John Tavares, Jeff Carter) at 6:56 (PP)

Penalties :
Troy Brouwer (BUF) for Slashing (Double Minor) at 2:25, Brett Bellemore (BUF) for Close Hand On Puck (Minor) at 6:32

3rd period

6. Sabres , Thomas Vanek 9 (Tyler Myers, Jarome Iginla) at 8:18
7. Sabres , Paul Byron 1 (Sami Salo, Derek Morris) at 11:25
8. Sabres , Derek Morris 3 (Sami Salo, Troy Brouwer) at 17:37 (PP)

Penalties :
Chris Tanev (TBL) for Hooking (Minor) at 2:09, Joel Ward (TBL) for Roughing (Minor) at 15:44

Overtime #1

No Goal

Penalties :
No Penalty

Shootout

Penalty Shot by Jeff Carter for Lightning - Goal!
Penalty Shot by Sidney Crosby for Sabres - Goal!
Penalty Shot by John Tavares for Lightning - Stopped by Ryan Miller
Penalty Shot by Thomas Vanek for Sabres - Stopped by Brian Elliott
Penalty Shot by Kyle Okposo for Lightning - Goal!
Penalty Shot by Jarome Iginla for Sabres - Shot Misses the Net

Penalties :
No Penalty

Goalie Stats

Brian Elliott (TBL), 31 saves from 35 shots - (0,886), W, 10-2-0, 65:00 minutes
Ryan Miller (BUF), 29 saves from 33 shots - (0,879), OTL, 12-8-1, 65:00 minutes

Players Stats for Lightning

Player Name              G  A  P  +/- PIM S  H  SB GA TA FO     MP     PP MP  PK MP  
------------------------------------------------------------------------------------
Alexandre Burrows        0  0  0   0  0   1  0  0  0  0  0/1    10:40   0:00   0:00 
Andrew Ference           0  1  1   1  0   0  2  0  0  0  0/0    23:46   0:00   3:32 
Brandon Dubinsky         0  0  0   1  0   2  2  1  0  0  13/20  18:34   2:26   0:00 
Brandon Saad             0  0  0   0  0   0  0  0  0  0  0/0    15:31   0:29   3:41 
Brandon Sutter           0  0  0   0  0   1  0  0  0  0  2/8     9:23   0:00   2:00 
Brent Burns              0  0  0  -1  0   2  1  0  0  0  0/0    24:40   1:54   2:19 
Chris Higgins            0  0  0   1  0   2  0  0  0  0  0/1    15:58   0:00   1:48 
Chris Tanev              1  0  1  -1  4   1  1  0  0  0  0/0    14:26   0:24   0:00 
Dan Hamhuis              0  1  1   0  0   0  0  1  0  0  0/0    28:21   2:18   3:32 
Jason Chimera            0  0  0   0  0   1  0  0  0  0  0/0     7:42   0:19   0:00 
Jeff Carter              1  1  2  -2  0   3  1  0  0  0  0/0    22:13   2:16   0:00 
Joel Ward                0  0  0  -2  2   7  3  0  0  0  0/2    19:32   1:35   0:22 
John Tavares             1  1  2  -2  0   4  1  0  0  0  20/33  22:56   2:26   0:10 
Kevin Bieksa             0  1  1  -1  0   1  4  1  0  0  0/0    16:06   2:02   0:00 
Kyle Okposo              1  0  1   1  0   4  1  2  0  0  3/5    17:43   1:35   0:00 
Steve Ott                0  0  0   0  0   4  1  0  0  0  11/26  16:33   1:54   3:41 
T.J. Brodie              0  1  1   0  0   0  1  1  0  0  0/0    22:39   2:02   2:19 
T.J. Galiardi            0  0  0   0  0   0  1  1  0  0  0/1     7:23   0:00   0:00 

Players Stats for Sabres

Player Name              G  A  P  +/- PIM S  H  SB GA TA FO     MP     PP MP  PK MP  
------------------------------------------------------------------------------------
Brett Bellemore          0  0  0   0  2   0  2  2  0  0  0/0    15:10   0:00   0:16 
Cody Eakin               0  0  0   0  0   1  1  0  0  0  1/3    18:35   2:25   0:00 
Derek Morris             2  1  3   2  0   3  4  2  0  0  0/0    22:37   2:30   1:15 
Drew Miller              0  0  0   0  0   0  0  0  0  0  0/0    14:16   0:00   1:51 
Eric Brewer              0  0  0  -1  0   1  0  0  0  0  0/0    26:25   3:21   2:02 
Jarome Iginla            0  1  1   0  0   8  1  0  0  0  0/1    20:08   3:26   0:00 
Kevan Miller             0  0  0   0  0   0  0  0  0  0  0/0    15:57   0:00   1:35 
Luke Glendening          0  0  0   1  0   0  1  0  0  0  0/0     7:19   0:00   0:00 
Manny Malhotra           0  0  0   1  0   0  1  0  0  0  7/13    9:12   0:00   1:53 
Patrick Dwyer            0  0  0   0  0   1  0  0  0  0  1/1    13:10   0:00   2:09 
Paul Byron               1  0  1   1  0   4  0  0  0  0  0/1     7:43   0:00   0:24 
Paul Gaustad             0  0  0   0  0   2  2  0  0  0  6/13   14:15   0:00   1:51 
Riley Sheahan            0  0  0   0  0   2  0  0  0  0  17/30  17:44   2:25   0:00 
Sami Salo                0  2  2   2  0   2  1  3  0  0  0/0    24:05   2:28   1:22 
Sidney Crosby            0  1  1   0  0   3  1  0  0  0  16/33  22:51   3:26   0:12 
Thomas Vanek             1  0  1   0  0   3  0  0  0  0  0/2    21:52   3:26   0:20 
Troy Brouwer             0  2  2   0  4   5  2  0  0  0  0/0    18:34   2:25   0:00 
Tyler Myers              0  1  1  -1  0   0  3  1  0  0  0/0    25:45   3:23   2:10 

3 Stars

1 - Derek Morris (BUF)
2 - Sami Salo (BUF)
3 - Kyle Okposo (TBL)

Power Play

Lightning - 2 on 3 Attempt(s) - 66,67%
Sabres - 1 on 3 Attempt(s) - 33,33%

Penalty Kill

Lightning - 2 on 3 Attempt(s) - 66,67% - Score 0 goal in Penalty Kill
Sabres - 1 on 3 Attempt(s) - 33,33% - Score 0 goal in Penalty Kill

Official

Referees : Shaun Davis and Graham Skilliter
Linesman : Brandon Gawryletz and David Brisebois

Game Notes

No Game Note

Finance

Level 1 -- Attendance: 3116 (50,02%) -- Ticket Income 467.400 kr
Level 2 -- Attendance: 3030 (58,36%) -- Ticket Income 212.100 kr
Level 3 -- Attendance: 2077 (100,00%) -- Ticket Income 49.848 kr
Level 4 -- Attendance: 3844 (92,56%) -- Ticket Income 46.128 kr
Luxury Box -- Attendance: 415 (39,98%) -- Ticket Income 311.250 kr
Game was played at the HSBC Arena
Total Attendance: 12482 (66,78%)
Total Ticket Income: 1.086.726 kr
Other Income: 532.496 kr
Total Income: 1.619.222 kr

Lightning

5 vs 5 Forward 
   Center                   Left Wing                Right Wing               Time % Phy DF OF 
 1 John Tavares             Joel Ward                Jeff Carter              40     0   1  4  
 2 Brandon Dubinsky         Chris Higgins            Kyle Okposo              30     1   1  3  
 3 Steve Ott                Brandon Saad             Alexandre Burrows        20     1   2  2  
 4 Brandon Sutter           Jason Chimera            T.J. Galiardi            10     1   3  1  

5 vs 5 Defense 
   Defense                  Defense                                           Time % Phy DF OF 
 1 Dan Hamhuis              Brent Burns                                       40     1   2  2  
 2 T.J. Brodie              Andrew Ference                                    30     1   2  2  
 3 Kevin Bieksa             Chris Tanev                                       20     1   2  2  
 4 Dan Hamhuis              Andrew Ference                                    10     1   2  2  

PowerPlay Forward 
   Center                   Left Wing                Right Wing               Time % Phy DF OF 
 1 John Tavares             Brandon Dubinsky         Jeff Carter              60     0   0  5  
 2 Steve Ott                Joel Ward                Kyle Okposo              40     0   0  5  

PowerPlay Defense
   Defense                  Defense                                           Time % Phy DF OF 
 1 Brent Burns              Dan Hamhuis                                       60     0   1  4  
 2 Kevin Bieksa             T.J. Brodie                                       40     0   1  4  

Penalty Kill 4 Players Forward 
   Center                   Wing                     Time % Phy DF OF 
 1 Steve Ott                Brandon Saad             60     0   5  0  
 2 Brandon Sutter           Chris Higgins            40     0   5  0  

Penalty Kill 4 Players Defense
   Defense                  Defense                  Time % Phy DF OF 
 1 Dan Hamhuis              Andrew Ference           60     0   5  0  
 2 Brent Burns              T.J. Brodie              40     1   4  0  

Penalty Kill - 3 Players Forward 
   Forward                                           Time % Phy DF OF 
 1 Steve Ott                                         60     0   5  0  
 2 Brandon Sutter                                    40     0   5  0  

Penalty Kill - 3 Players Defense
   Defense                  Defense                  Time % Phy DF OF 
 1 Dan Hamhuis              T.J. Brodie              60     0   5  0  
 2 Andrew Ference           Brent Burns              40     0   5  0  

4 vs 4 Forward 
   Center                   Wing                     Time % Phy DF OF 
 1 John Tavares             Jeff Carter              60     1   1  3  
 2 Brandon Dubinsky         Kyle Okposo              40     1   1  3  

4 vs 4 Defense
   Defense                  Defense                  Time % Phy DF OF 
 1 Dan Hamhuis              Brent Burns              60     1   2  2  
 2 Andrew Ference           T.J. Brodie              40     1   2  2  

Last Minutes Offensive
   Center                   Left Wing                Right Wing               Defense                  Defense                  
   John Tavares             Brandon Dubinsky         Jeff Carter              Brent Burns              Kyle Okposo              

Last Minutes Defensive
   Center                   Left Wing                Right Wing               Defense                  Defense                  
   Brandon Dubinsky         Joel Ward                Chris Higgins            Dan Hamhuis              Andrew Ference           

Goaltenders
Starting : Brian Elliott            
Backup : Justin Peters            

Extra Forwards
Normal : Brandon Saad, Steve Ott, Brandon Sutter - PP : Brandon Saad, Steve Ott - PK : Brandon Sutter
Extra Defensemen
Normal : Brent Burns, Dan Hamhuis, Andrew Ference - PP : Brent Burns - PK : Dan Hamhuis, Andrew Ference
Penalty Shots
Jeff Carter, John Tavares, Kyle Okposo, Chris Higgins, Brandon Dubinsky

Sabres

5 vs 5 Forward 
   Center                   Left Wing                Right Wing               Time % Phy DF OF 
 1 Sidney Crosby            Cody Eakin               Troy Brouwer             40     0   2  3  
 2 Riley Sheahan            Thomas Vanek             Jarome Iginla            40     0   1  4  
 3 Paul Gaustad             Drew Miller              Patrick Dwyer            15     1   3  1  
 4 Manny Malhotra           Luke Glendening          Paul Byron               5      1   3  1  

5 vs 5 Defense 
   Defense                  Defense                                           Time % Phy DF OF 
 1 Eric Brewer              Tyler Myers                                       40     0   2  3  
 2 Sami Salo                Derek Morris                                      40     0   2  3  
 3 Brett Bellemore          Kevan Miller                                      15     0   3  2  
 4 Eric Brewer              Sami Salo                                         5      0   3  2  

PowerPlay Forward 
   Center                   Left Wing                Right Wing               Time % Phy DF OF 
 1 Sidney Crosby            Thomas Vanek             Jarome Iginla            75     0   0  5  
 2 Riley Sheahan            Cody Eakin               Troy Brouwer             25     0   0  5  

PowerPlay Defense
   Defense                  Defense                                           Time % Phy DF OF 
 1 Eric Brewer              Tyler Myers                                       75     0   0  5  
 2 Sami Salo                Derek Morris                                      25     0   0  5  

Penalty Kill 4 Players Forward 
   Center                   Wing                     Time % Phy DF OF 
 1 Manny Malhotra           Patrick Dwyer            50     1   4  0  
 2 Paul Gaustad             Drew Miller              50     1   4  0  

Penalty Kill 4 Players Defense
   Defense                  Defense                  Time % Phy DF OF 
 1 Eric Brewer              Sami Salo                70     1   4  0  
 2 Kevan Miller             Derek Morris             30     1   4  0  

Penalty Kill - 3 Players Forward 
   Forward                                           Time % Phy DF OF 
 1 Patrick Dwyer                                     60     1   4  0  
 2 Manny Malhotra                                    40     1   4  0  

Penalty Kill - 3 Players Defense
   Defense                  Defense                  Time % Phy DF OF 
 1 Eric Brewer              Sami Salo                70     1   4  0  
 2 Kevan Miller             Derek Morris             30     1   4  0  

4 vs 4 Forward 
   Center                   Wing                     Time % Phy DF OF 
 1 Sidney Crosby            Thomas Vanek             75     0   0  5  
 2 Cody Eakin               Jarome Iginla            25     0   2  3  

4 vs 4 Defense
   Defense                  Defense                  Time % Phy DF OF 
 1 Eric Brewer              Sami Salo                75     0   3  2  
 2 Derek Morris             Tyler Myers              25     0   3  2  

Last Minutes Offensive
   Center                   Left Wing                Right Wing               Defense                  Defense                  
   Sidney Crosby            Thomas Vanek             Jarome Iginla            Eric Brewer              Sami Salo                

Last Minutes Defensive
   Center                   Left Wing                Right Wing               Defense                  Defense                  
   Paul Gaustad             Manny Malhotra           Patrick Dwyer            Eric Brewer              Sami Salo                

Goaltenders
Starting : Ryan Miller              
Backup : Frederik Andersen        

Extra Forwards
Normal : Sidney Crosby, Thomas Vanek, Jarome Iginla - PP : Sidney Crosby, Thomas Vanek - PK : Paul Byron
Extra Defensemen
Normal : Eric Brewer, Sami Salo, Tyler Myers - PP : Tyler Myers - PK : Sami Salo, Eric Brewer
Penalty Shots
Sidney Crosby, Thomas Vanek, Jarome Iginla, Troy Brouwer, Paul Byron

% Time on Ice - Lightning

Lines # - Real PCT - Wanted PCT - Time Play
Normal Forward
1 - 35% - 40% - 17:36
2 - 28% - 30% - 14:10
3 - 21% - 20% - 10:40
4 - 15% - 10% - 7:23
Normal Defense
1 - 36% - 40% - 17:47
2 - 32% - 30% - 15:58
3 - 28% - 20% - 14:04
4 - 4% - 10% - 2:00
PP Forward
1 - 63% - 60% - 2:45
2 - 37% - 40% - 1:35
PP Defense
1 - 53% - 60% - 2:18
2 - 47% - 40% - 2:02
PK Forward
1 - 69% - 60% - 4:03
2 - 31% - 40% - 1:48
PK Defense
1 - 60% - 60% - 3:32
2 - 40% - 40% - 2:19
PK3 Forward
1 - 0% - 60%
2 - 0% - 40%
PK3 Defense
1 - 0% - 60%
2 - 0% - 40%
44 Forward
1 - 61% - 60% - 3:02
2 - 39% - 40% - 1:58
44 Defense
1 - 33% - 60% - 1:40
2 - 67% - 40% - 3:20
Last Minute Offensive  - 0:00
Last Minute Defensive  - 0:00
Total
Forward - 65:00
Defense - 65:00

% Time on Ice - Sabres

Lines # - Real PCT - Wanted PCT - Time Play
Normal Forward
1 - 32% - 40% - 16:10
2 - 31% - 40% - 15:19
3 - 22% - 15% - 11:01
4 - 15% - 5% - 7:19
Normal Defense
1 - 35% - 40% - 17:41
2 - 34% - 40% - 17:07
3 - 29% - 15% - 14:22
4 - 1% - 5% - 0:39
PP Forward
1 - 59% - 75% - 3:26
2 - 41% - 25% - 2:25
PP Defense
1 - 58% - 75% - 3:23
2 - 42% - 25% - 2:28
PK Forward
1 - 53% - 50% - 2:17
2 - 47% - 50% - 2:03
PK Defense
1 - 63% - 70% - 2:45
2 - 37% - 30% - 1:35
PK3 Forward
1 - 0% - 60%
2 - 0% - 40%
PK3 Defense
1 - 0% - 70%
2 - 0% - 30%
44 Forward
1 - 100% - 75% - 5:00
2 - 0% - 25% - 0:00
44 Defense
1 - 54% - 75% - 2:42
2 - 46% - 25% - 2:18
Last Minute Offensive  - 0:00
Last Minute Defensive  - 0:00
Total
Forward - 65:00
Defense - 65:00

Play by Play

1st period


0:01 of 1st period - John Tavares wins face-off versus Sidney Crosby in neutral zone.
0:14 of 1st period - Shot by John Tavares.
0:14 of 1st period - Goal by John Tavares - Lightning : 1 - Sabres : 0.
0:15 of 1st period - Riley Sheahan wins face-off versus Brandon Dubinsky in neutral zone.
0:41 of 1st period - Kyle Okposo is hit by Derek Morris and loses puck.
2:05 of 1st period - Paul Gaustad is hit by Kevin Bieksa and loses puck.
2:49 of 1st period - Shot by John Tavares.
2:49 of 1st period - Stopped by Ryan Miller without a rebound.
2:50 of 1st period - Brandon Sutter wins face-off versus Paul Byron in Sabres zone.
2:51 of 1st period - Shot by T.J. Galiardi.
2:51 of 1st period - Shot Blocked by Derek Morris.
3:11 of 1st period - Shot by Paul Byron.
3:11 of 1st period - Stopped by Brian Elliott without a rebound.
3:12 of 1st period - Riley Sheahan wins face-off versus Kyle Okposo in Lightning zone.
3:31 of 1st period - Shot by Chris Higgins.
3:31 of 1st period - Shot Hit the Post.
3:37 of 1st period - Riley Sheahan is hit by Brandon Dubinsky.
3:51 of 1st period - Tyler Myers is hit by Kyle Okposo and loses puck.
4:43 of 1st period - Shot by Jeff Carter.
4:43 of 1st period - Shot Blocked by Sami Salo.
4:48 of 1st period - John Tavares is hit by Derek Morris and loses puck.
5:05 of 1st period - Shot by Jason Chimera.
5:05 of 1st period - Shot Misses the Net.
5:21 of 1st period - Shot by Brandon Sutter.
5:21 of 1st period - Shot Misses the Net.
5:26 of 1st period - T.J. Galiardi is hit by Derek Morris and loses puck.
5:33 of 1st period - Shot by Brandon Sutter.
5:33 of 1st period - Shot Blocked by Sami Salo.
5:35 of 1st period - Shot by Jason Chimera.
5:35 of 1st period - Stopped by Ryan Miller without a rebound.
5:36 of 1st period - Steve Ott wins face-off versus Paul Gaustad in Sabres zone.
5:36 of 1st period - Brandon Saad is hit by Brett Bellemore.
5:57 of 1st period - Icing by Patrick Dwyer.
5:58 of 1st period - Brandon Dubinsky wins face-off versus Paul Gaustad in Sabres zone.
6:03 of 1st period - Shot by Chris Higgins.
6:03 of 1st period - Shot Misses the Net.
6:25 of 1st period - Shot by Brandon Dubinsky.
6:25 of 1st period - Stopped by Ryan Miller without a rebound.
6:26 of 1st period - John Tavares wins face-off versus Riley Sheahan in Sabres zone.
6:27 of 1st period - Shot by Joel Ward.
6:27 of 1st period - Stopped by Ryan Miller without a rebound.
6:28 of 1st period - John Tavares wins face-off versus Riley Sheahan in Sabres zone.
6:48 of 1st period - Off-side.
6:49 of 1st period - Steve Ott wins face-off versus Manny Malhotra in neutral zone.
6:52 of 1st period - Shot by Alexandre Burrows.
6:52 of 1st period - Shot Misses the Net.
8:02 of 1st period - Shot by Joel Ward.
8:02 of 1st period - Shot Misses the Net.
8:04 of 1st period - Shot by Brent Burns.
8:04 of 1st period - Stopped by Ryan Miller without a rebound.
8:05 of 1st period - Brandon Dubinsky wins face-off versus Riley Sheahan in Sabres zone.
8:05 of 1st period - Brandon Dubinsky is hit by Derek Morris.
8:23 of 1st period - Thomas Vanek is hit by Kevin Bieksa and loses puck.
9:52 of 1st period - Shot by Patrick Dwyer.
9:52 of 1st period - Deflect By Paul Gaustad.
9:52 of 1st period - Stopped by Brian Elliott without a rebound.
9:53 of 1st period - John Tavares wins face-off versus Paul Gaustad in Lightning zone.
9:57 of 1st period - Off-side.
9:58 of 1st period - Paul Gaustad wins face-off versus John Tavares in neutral zone.
11:01 of 1st period - Shot by Troy Brouwer.
11:01 of 1st period - Stopped by Brian Elliott without a rebound.
11:02 of 1st period - Riley Sheahan wins face-off versus Steve Ott in Lightning zone.
11:03 of 1st period - Shot by Jarome Iginla.
11:03 of 1st period - Stopped by Brian Elliott without a rebound.
11:04 of 1st period - Brandon Dubinsky wins face-off versus Riley Sheahan in Lightning zone.
11:16 of 1st period - Icing by Chris Higgins.
11:17 of 1st period - Patrick Dwyer wins face-off versus Brandon Dubinsky in Lightning zone.
11:32 of 1st period - Shot by Patrick Dwyer.
11:32 of 1st period - Shot Misses the Net.
12:32 of 1st period - Icing by T.J. Brodie.
12:33 of 1st period - Sidney Crosby wins face-off versus John Tavares in Lightning zone.
13:17 of 1st period - Shot by Steve Ott.
13:17 of 1st period - Stopped by Ryan Miller without a rebound.
13:18 of 1st period - Manny Malhotra wins face-off versus Brandon Sutter in Sabres zone.
13:48 of 1st period - Shot by Paul Byron.
13:48 of 1st period - Stopped by Brian Elliott without a rebound.
13:49 of 1st period - Steve Ott wins face-off versus Riley Sheahan in Lightning zone.
13:55 of 1st period - Icing by Kevan Miller.
13:56 of 1st period - Steve Ott wins face-off versus Riley Sheahan in Sabres zone.
14:12 of 1st period - Minor Penalty to Chris Tanev for Hooking.
14:13 of 1st period - Sidney Crosby wins face-off versus Steve Ott in Lightning zone.
15:14 of 1st period - Shot by Troy Brouwer.
15:14 of 1st period - Stopped by Brian Elliott without a rebound.
15:15 of 1st period - Riley Sheahan wins face-off versus Steve Ott in Lightning zone.
16:09 of 1st period - Shot by Jarome Iginla.
16:09 of 1st period - Stopped by Brian Elliott without a rebound.
16:10 of 1st period - Steve Ott wins face-off versus Sidney Crosby in Lightning zone.
17:22 of 1st period - Jeff Carter is hit by Brett Bellemore and loses puck.
17:47 of 1st period - Shot by Jeff Carter.
17:47 of 1st period - Deflect By Joel Ward.
17:47 of 1st period - Stopped by Ryan Miller without a rebound.
17:48 of 1st period - Sidney Crosby wins face-off versus Steve Ott in Sabres zone.
18:20 of 1st period - Shot by Steve Ott.
18:20 of 1st period - Stopped by Ryan Miller without a rebound.
18:21 of 1st period - Riley Sheahan wins face-off versus Brandon Sutter in Sabres zone.
18:43 of 1st period - Shot by Jarome Iginla.
18:43 of 1st period - Stopped by Brian Elliott without a rebound.
18:44 of 1st period - John Tavares wins face-off versus Manny Malhotra in Lightning zone.
18:44 of 1st period - John Tavares is hit by Luke Glendening.
19:02 of 1st period - Icing by Chris Tanev.
19:03 of 1st period - Sidney Crosby wins face-off versus John Tavares in Lightning zone.
19:16 of 1st period - Shot by Troy Brouwer.
19:16 of 1st period - Shot Misses the Net.
19:18 of 1st period - Shot by Troy Brouwer.
19:18 of 1st period - Shot Misses the Net.
19:20 of 1st period - Shot by Derek Morris.
19:20 of 1st period - Goal by Derek Morris - Lightning : 1 - Sabres : 1.
19:21 of 1st period - Riley Sheahan wins face-off versus Chris Higgins in neutral zone.
19:28 of 1st period - Shot by Riley Sheahan.
19:28 of 1st period - Shot Blocked by Brandon Dubinsky.
19:52 of 1st period - Shot by Kyle Okposo.
19:52 of 1st period - Goal by Kyle Okposo - Lightning : 2 - Sabres : 1.
19:53 of 1st period - John Tavares wins face-off versus Sidney Crosby in neutral zone.
19:56 of 1st period - Shot by Joel Ward.
19:56 of 1st period - Stopped by Ryan Miller without a rebound.
19:57 of 1st period - Sidney Crosby wins face-off versus Joel Ward in Sabres zone.
19:57 of 1st period - Sidney Crosby is hit by John Tavares.
Goals for this period are 2 for Lightning vs 1 for Sabres.
Shots for this period are 11 for Lightning vs 9 for Sabres.

2nd period


0:01 of 2nd period - Riley Sheahan wins face-off versus John Tavares in neutral zone.
0:19 of 2nd period - Icing by John Tavares.
0:20 of 2nd period - John Tavares wins face-off versus Sidney Crosby in Lightning zone.
0:28 of 2nd period - Icing by Tyler Myers.
0:29 of 2nd period - Steve Ott wins face-off versus Sidney Crosby in Sabres zone.
0:43 of 2nd period - Icing by Steve Ott.
0:44 of 2nd period - Riley Sheahan wins face-off versus Alexandre Burrows in Lightning zone.
0:55 of 2nd period - Shot by Brandon Saad.
0:55 of 2nd period - Shot Blocked by Derek Morris.
0:57 of 2nd period - Shot by Steve Ott.
0:57 of 2nd period - Deflect By Alexandre Burrows.
0:57 of 2nd period - Shot Blocked by Sami Salo.
1:33 of 2nd period - Icing by Riley Sheahan.
1:34 of 2nd period - John Tavares wins face-off versus Riley Sheahan in Sabres zone.
1:51 of 2nd period - Shot by John Tavares.
1:51 of 2nd period - Shot Misses the Net.
2:05 of 2nd period - Shot by Jeff Carter.
2:05 of 2nd period - Deflect By Joel Ward.
2:05 of 2nd period - Stopped by Ryan Miller with a rebound.
2:07 of 2nd period - Shot by Joel Ward.
2:07 of 2nd period - Stopped by Ryan Miller with a rebound.
2:09 of 2nd period - Shot by Jeff Carter.
2:09 of 2nd period - Stopped by Ryan Miller without a rebound.
2:10 of 2nd period - Brandon Dubinsky wins face-off versus Sidney Crosby in Sabres zone.
2:10 of 2nd period - Kyle Okposo is hit by Tyler Myers and loses puck.
2:25 of 2nd period - Double Minor Penalty to Troy Brouwer for Slashing.
2:26 of 2nd period - John Tavares wins face-off versus Manny Malhotra in Sabres zone.
2:27 of 2nd period - Shot by T.J. Brodie.
2:27 of 2nd period - Shot Misses the Net.
2:29 of 2nd period - Shot by Kevin Bieksa.
2:29 of 2nd period - Shot Misses the Net.
2:31 of 2nd period - Shot by Brandon Dubinsky.
2:31 of 2nd period - Shot Misses the Net.
2:33 of 2nd period - Shot by Kevin Bieksa.
2:33 of 2nd period - Shot Blocked by Tyler Myers.
2:35 of 2nd period - Shot by John Tavares.
2:35 of 2nd period - Shot Hit the Post.
2:57 of 2nd period - Shot by John Tavares.
2:57 of 2nd period - Stopped by Ryan Miller without a rebound.
2:58 of 2nd period - Manny Malhotra wins face-off versus Steve Ott in Sabres zone.
2:58 of 2nd period - Manny Malhotra is hit by Steve Ott.
3:27 of 2nd period - Drew Miller is hit by Joel Ward and loses puck.
3:48 of 2nd period - Dan Hamhuis is hit by Manny Malhotra.
4:18 of 2nd period - Shot by John Tavares.
4:18 of 2nd period - Shot Misses the Net.
4:20 of 2nd period - Shot by T.J. Brodie.
4:20 of 2nd period - Shot Misses the Net.
4:22 of 2nd period - Shot by Kevin Bieksa.
4:22 of 2nd period - Deflect By Jeff Carter.
4:22 of 2nd period - Goal by Jeff Carter - Lightning : 3 - Sabres : 1.
4:23 of 2nd period - Manny Malhotra wins face-off versus John Tavares in neutral zone.
4:26 of 2nd period - Shot by Derek Morris.
4:26 of 2nd period - Stopped by Brian Elliott with a rebound.
6:02 of 2nd period - Shot by Kevin Bieksa.
6:02 of 2nd period - Stopped by Ryan Miller without a rebound.
6:03 of 2nd period - Manny Malhotra wins face-off versus Steve Ott in Sabres zone.
6:24 of 2nd period - Shot by Jeff Carter.
6:24 of 2nd period - Shot Misses the Net.
6:26 of 2nd period - Shot by Jason Chimera.
6:26 of 2nd period - Shot Blocked by Brett Bellemore.
6:32 of 2nd period - Shot by Brandon Sutter.
6:32 of 2nd period - Stopped by Ryan Miller without a rebound.
6:32 of 2nd period - Minor Penalty to Brett Bellemore for Close Hand On Puck.
6:33 of 2nd period - John Tavares wins face-off versus Paul Gaustad in Sabres zone.
6:56 of 2nd period - Shot by Chris Tanev.
6:56 of 2nd period - Goal by Chris Tanev - Lightning : 4 - Sabres : 1.
6:57 of 2nd period - Brandon Sutter wins face-off versus Sidney Crosby in neutral zone.
8:02 of 2nd period - Shot by Thomas Vanek.
8:02 of 2nd period - Stopped by Brian Elliott with a rebound.
8:12 of 2nd period - Shot by Jarome Iginla.
8:12 of 2nd period - Shot Misses the Net.
8:14 of 2nd period - Shot by Sami Salo.
8:14 of 2nd period - Shot Blocked by T.J. Galiardi.
8:34 of 2nd period - Shot by Manny Malhotra.
8:34 of 2nd period - Shot Misses the Net.
8:52 of 2nd period - Manny Malhotra is hit by T.J. Galiardi and loses puck.
9:06 of 2nd period - Icing by T.J. Brodie.
9:07 of 2nd period - Paul Gaustad wins face-off versus T.J. Galiardi in Lightning zone.
9:51 of 2nd period - Icing by Paul Gaustad.
9:52 of 2nd period - Paul Gaustad wins face-off versus Brandon Dubinsky in Sabres zone.
10:40 of 2nd period - Icing by Chris Tanev.
10:41 of 2nd period - Brandon Dubinsky wins face-off versus Sidney Crosby in Lightning zone.
10:47 of 2nd period - Kevin Bieksa is hit by Troy Brouwer and loses puck.
11:03 of 2nd period - Off-side.
11:04 of 2nd period - John Tavares wins face-off versus Thomas Vanek in neutral zone.
11:09 of 2nd period - Shot by Jeff Carter.
11:09 of 2nd period - Shot Misses the Net.
11:23 of 2nd period - Shot by Jarome Iginla.
11:23 of 2nd period - Shot Misses the Net.
11:37 of 2nd period - Shot by Riley Sheahan.
11:37 of 2nd period - Shot Misses the Net.
11:47 of 2nd period - Thomas Vanek is hit by Joel Ward and loses puck.
12:08 of 2nd period - Dan Hamhuis is hit by Jarome Iginla and loses puck.
12:24 of 2nd period - Icing by Eric Brewer.
12:25 of 2nd period - Sidney Crosby wins face-off versus Brandon Dubinsky in Sabres zone.
12:27 of 2nd period - Icing by Troy Brouwer.
12:28 of 2nd period - Sidney Crosby wins face-off versus Brandon Dubinsky in Sabres zone.
12:35 of 2nd period - Shot by Eric Brewer.
12:35 of 2nd period - Stopped by Brian Elliott with a rebound.
13:52 of 2nd period - Off-side.
13:53 of 2nd period - Manny Malhotra wins face-off versus Brandon Sutter in neutral zone.
14:49 of 2nd period - Off-side.
14:50 of 2nd period - Brandon Dubinsky wins face-off versus Riley Sheahan in neutral zone.
14:53 of 2nd period - Shot by Kyle Okposo.
14:53 of 2nd period - Shot Misses the Net.
15:04 of 2nd period - Thomas Vanek is hit by Kevin Bieksa and loses puck.
15:43 of 2nd period - Shot by Troy Brouwer.
15:43 of 2nd period - Shot Misses the Net.
15:45 of 2nd period - Shot by Cody Eakin.
15:45 of 2nd period - Stopped by Brian Elliott without a rebound.
15:46 of 2nd period - Paul Gaustad wins face-off versus John Tavares in Lightning zone.
16:05 of 2nd period - Shot by Patrick Dwyer.
16:05 of 2nd period - Stopped by Brian Elliott without a rebound.
16:06 of 2nd period - Steve Ott wins face-off versus Sidney Crosby in Lightning zone.
16:34 of 2nd period - Shot by Alexandre Burrows.
16:34 of 2nd period - Stopped by Ryan Miller without a rebound.
16:35 of 2nd period - Riley Sheahan wins face-off versus John Tavares in Sabres zone.
16:35 of 2nd period - Riley Sheahan is hit by Joel Ward.
16:40 of 2nd period - Off-side.
16:41 of 2nd period - Riley Sheahan wins face-off versus John Tavares in neutral zone.
16:45 of 2nd period - Shot by Tyler Myers.
16:45 of 2nd period - Shot Misses the Net.
16:57 of 2nd period - Shot by Jarome Iginla.
16:57 of 2nd period - Stopped by Brian Elliott without a rebound.
16:58 of 2nd period - Sidney Crosby wins face-off versus Brandon Dubinsky in Lightning zone.
16:58 of 2nd period - Troy Brouwer is hit by Brent Burns and loses puck.
17:23 of 2nd period - Shot by Kyle Okposo.
17:23 of 2nd period - Stopped by Ryan Miller without a rebound.
17:24 of 2nd period - John Tavares wins face-off versus Thomas Vanek in Sabres zone.
17:47 of 2nd period - Icing by T.J. Brodie.
17:48 of 2nd period - John Tavares wins face-off versus Sidney Crosby in Lightning zone.
17:57 of 2nd period - Shot by Joel Ward.
17:57 of 2nd period - Stopped by Ryan Miller without a rebound.
17:58 of 2nd period - Brandon Dubinsky wins face-off versus Sidney Crosby in Sabres zone.
18:03 of 2nd period - Shot by Chris Higgins.
18:03 of 2nd period - Shot Misses the Net.
18:05 of 2nd period - Shot by Chris Higgins.
18:05 of 2nd period - Stopped by Ryan Miller without a rebound.
18:06 of 2nd period - Riley Sheahan wins face-off versus Steve Ott in Sabres zone.
18:39 of 2nd period - Shot by Steve Ott.
18:39 of 2nd period - Stopped by Ryan Miller without a rebound.
18:40 of 2nd period - Sidney Crosby wins face-off versus John Tavares in Sabres zone.
19:33 of 2nd period - Joel Ward is hit by Paul Gaustad and loses puck.
Goals for this period are 2 for Lightning vs 0 for Sabres.
Shots for this period are 13 for Lightning vs 6 for Sabres.

3rd period


0:01 of 3rd period - John Tavares wins face-off versus Sidney Crosby in neutral zone.
0:01 of 3rd period - John Tavares is hit by Troy Brouwer.
0:37 of 3rd period - Shot by Sidney Crosby.
0:37 of 3rd period - Stopped by Brian Elliott without a rebound.
0:38 of 3rd period - Riley Sheahan wins face-off versus Brandon Dubinsky in Lightning zone.
1:04 of 3rd period - Shot by Thomas Vanek.
1:04 of 3rd period - Shot Blocked by Kyle Okposo.
1:06 of 3rd period - Shot by Thomas Vanek.
1:06 of 3rd period - Deflect By Jarome Iginla.
1:06 of 3rd period - Stopped by Brian Elliott without a rebound.
1:07 of 3rd period - Paul Gaustad wins face-off versus Steve Ott in Lightning zone.
1:19 of 3rd period - Patrick Dwyer is hit by Chris Tanev and loses puck.
1:53 of 3rd period - Patrick Dwyer is hit by Kevin Bieksa and loses puck.
2:09 of 3rd period - Minor Penalty to Chris Tanev for Hooking.
2:10 of 3rd period - Sidney Crosby wins face-off versus Brandon Sutter in Lightning zone.
2:35 of 3rd period - Shot by Jarome Iginla.
2:35 of 3rd period - Stopped by Brian Elliott without a rebound.
2:36 of 3rd period - Cody Eakin wins face-off versus Steve Ott in Lightning zone.
2:39 of 3rd period - Shot by Troy Brouwer.
2:39 of 3rd period - Stopped by Brian Elliott without a rebound.
2:40 of 3rd period - Sidney Crosby wins face-off versus Steve Ott in Lightning zone.
2:51 of 3rd period - Shot by Thomas Vanek.
2:51 of 3rd period - Stopped by Brian Elliott without a rebound.
2:52 of 3rd period - Steve Ott wins face-off versus Riley Sheahan in Lightning zone.
4:08 of 3rd period - Shot by Sidney Crosby.
4:08 of 3rd period - Stopped by Brian Elliott without a rebound.
4:09 of 3rd period - John Tavares wins face-off versus Manny Malhotra in Lightning zone.
4:28 of 3rd period - Shot by Paul Byron.
4:28 of 3rd period - Stopped by Brian Elliott without a rebound.
4:29 of 3rd period - Brandon Dubinsky wins face-off versus Paul Gaustad in Lightning zone.
4:29 of 3rd period - Brandon Dubinsky is hit by Paul Gaustad.
4:34 of 3rd period - Dan Hamhuis is hit by Tyler Myers and loses puck.
4:52 of 3rd period - Chris Higgins is hit by Tyler Myers and loses puck.
5:05 of 3rd period - Shot by Brandon Dubinsky.
5:05 of 3rd period - Deflect By Kyle Okposo.
5:05 of 3rd period - Stopped by Ryan Miller with a rebound.
5:07 of 3rd period - Shot by Brandon Dubinsky.
5:07 of 3rd period - Stopped by Ryan Miller with a rebound.
5:09 of 3rd period - Shot by Brandon Dubinsky.
5:09 of 3rd period - Deflect By Kyle Okposo.
5:09 of 3rd period - Shot Misses the Net.
5:43 of 3rd period - Shot by Jarome Iginla.
5:43 of 3rd period - Stopped by Brian Elliott without a rebound.
5:44 of 3rd period - Sidney Crosby wins face-off versus Brandon Sutter in Lightning zone.
5:45 of 3rd period - Shot by Cody Eakin.
5:45 of 3rd period - Deflect By Sidney Crosby.
5:45 of 3rd period - Shot Blocked by Kevin Bieksa.
6:03 of 3rd period - Shot by Troy Brouwer.
6:03 of 3rd period - Stopped by Brian Elliott without a rebound.
6:04 of 3rd period - Riley Sheahan wins face-off versus Steve Ott in Lightning zone.
6:04 of 3rd period - Riley Sheahan is hit by Andrew Ference.
6:07 of 3rd period - Thomas Vanek is hit by T.J. Brodie.
6:10 of 3rd period - Jarome Iginla is hit by Andrew Ference and loses puck.
6:14 of 3rd period - Icing by T.J. Brodie.
6:15 of 3rd period - Steve Ott wins face-off versus Sidney Crosby in Lightning zone.
7:23 of 3rd period - Icing by Jeff Carter.
7:24 of 3rd period - Manny Malhotra wins face-off versus John Tavares in Lightning zone.
8:14 of 3rd period - Shot by Thomas Vanek.
8:14 of 3rd period - Shot Misses the Net.
8:18 of 3rd period - Shot by Thomas Vanek.
8:18 of 3rd period - Goal by Thomas Vanek - Lightning : 4 - Sabres : 2.
8:19 of 3rd period - Kyle Okposo wins face-off versus Cody Eakin in neutral zone.
8:37 of 3rd period - Off-side.
8:38 of 3rd period - Riley Sheahan wins face-off versus Steve Ott in neutral zone.
8:41 of 3rd period - Shot by Thomas Vanek.
8:41 of 3rd period - Shot Misses the Net.
8:43 of 3rd period - Shot by Sami Salo.
8:43 of 3rd period - Stopped by Brian Elliott with a rebound.
9:13 of 3rd period - Shot by Alexandre Burrows.
9:13 of 3rd period - Shot Misses the Net.
10:13 of 3rd period - Icing by Kevin Bieksa.
10:14 of 3rd period - Paul Gaustad wins face-off versus Steve Ott in Lightning zone.
10:29 of 3rd period - Shot by Paul Gaustad.
10:29 of 3rd period - Stopped by Brian Elliott with a rebound.
11:23 of 3rd period - Shot by Sami Salo.
11:23 of 3rd period - Shot Misses the Net.
11:25 of 3rd period - Shot by Paul Byron.
11:25 of 3rd period - Goal by Paul Byron - Lightning : 4 - Sabres : 3.
11:26 of 3rd period - Kyle Okposo wins face-off versus Riley Sheahan in neutral zone.
11:31 of 3rd period - Shot by Kyle Okposo.
11:31 of 3rd period - Stopped by Ryan Miller without a rebound.
11:32 of 3rd period - Brandon Dubinsky wins face-off versus Riley Sheahan in Sabres zone.
11:33 of 3rd period - Shot by Kyle Okposo.
11:33 of 3rd period - Shot Misses the Net.
11:35 of 3rd period - Shot by Chris Higgins.
11:35 of 3rd period - Shot Misses the Net.
11:37 of 3rd period - Shot by T.J. Brodie.
11:37 of 3rd period - Shot Misses the Net.
12:30 of 3rd period - Icing by Eric Brewer.
12:31 of 3rd period - Riley Sheahan wins face-off versus Joel Ward in Sabres zone.
12:31 of 3rd period - Thomas Vanek is hit by Jeff Carter and loses puck.
12:36 of 3rd period - Shot by Joel Ward.
12:36 of 3rd period - Stopped by Ryan Miller without a rebound.
12:37 of 3rd period - John Tavares wins face-off versus Cody Eakin in Sabres zone.
13:08 of 3rd period - Shot by John Tavares.
13:08 of 3rd period - Shot Misses the Net.
14:22 of 3rd period - Icing by Tyler Myers.
14:23 of 3rd period - Brandon Dubinsky wins face-off versus Manny Malhotra in Sabres zone.
15:00 of 3rd period - Shot by Chris Higgins.
15:00 of 3rd period - Stopped by Ryan Miller without a rebound.
15:01 of 3rd period - Riley Sheahan wins face-off versus Steve Ott in Sabres zone.
15:10 of 3rd period - Shot by Derek Morris.
15:10 of 3rd period - Shot Misses the Net.
15:12 of 3rd period - Shot by Riley Sheahan.
15:12 of 3rd period - Stopped by Brian Elliott without a rebound.
15:13 of 3rd period - John Tavares wins face-off versus Sidney Crosby in Lightning zone.
15:44 of 3rd period - Minor Penalty to Joel Ward for Roughing.
15:45 of 3rd period - Steve Ott wins face-off versus Sidney Crosby in Lightning zone.
16:16 of 3rd period - Shot by Sidney Crosby.
16:16 of 3rd period - Stopped by Brian Elliott without a rebound.
16:17 of 3rd period - Steve Ott wins face-off versus Riley Sheahan in Lightning zone.
16:17 of 3rd period - Steve Ott is hit by Cody Eakin.
16:31 of 3rd period - Shot by Riley Sheahan.
16:31 of 3rd period - Stopped by Brian Elliott with a rebound.
16:41 of 3rd period - Shot by Troy Brouwer.
16:41 of 3rd period - Stopped by Brian Elliott without a rebound.
16:42 of 3rd period - Sidney Crosby wins face-off versus Brandon Sutter in Lightning zone.
17:09 of 3rd period - Shot by Thomas Vanek.
17:09 of 3rd period - Shot Misses the Net.
17:11 of 3rd period - Shot by Sidney Crosby.
17:11 of 3rd period - Shot Misses the Net.
17:29 of 3rd period - Shot by Troy Brouwer.
17:29 of 3rd period - Shot Misses the Net.
17:31 of 3rd period - Shot by Riley Sheahan.
17:31 of 3rd period - Deflect By Troy Brouwer.
17:31 of 3rd period - Shot Blocked by T.J. Brodie.
17:33 of 3rd period - Shot by Troy Brouwer.
17:33 of 3rd period - Shot Misses the Net.
17:35 of 3rd period - Shot by Sami Salo.
17:35 of 3rd period - Stopped by Brian Elliott with a rebound.
17:37 of 3rd period - Shot by Derek Morris.
17:37 of 3rd period - Goal by Derek Morris - Lightning : 4 - Sabres : 4.
17:38 of 3rd period - John Tavares wins face-off versus Paul Gaustad in neutral zone.
17:48 of 3rd period - Shot by Jeff Carter.
17:48 of 3rd period - Stopped by Ryan Miller without a rebound.
17:49 of 3rd period - Manny Malhotra wins face-off versus Kyle Okposo in Sabres zone.
17:49 of 3rd period - Manny Malhotra is hit by Brandon Dubinsky.
18:10 of 3rd period - Icing by Manny Malhotra.
18:11 of 3rd period - John Tavares wins face-off versus Manny Malhotra in Sabres zone.
18:44 of 3rd period - Shot by Jeff Carter.
18:44 of 3rd period - Shot Blocked by Brett Bellemore.
18:46 of 3rd period - Shot by Brent Burns.
18:46 of 3rd period - Stopped by Ryan Miller without a rebound.
18:47 of 3rd period - Kyle Okposo wins face-off versus Riley Sheahan in Sabres zone.
18:47 of 3rd period - Kyle Okposo is hit by Sami Salo.
19:04 of 3rd period - Icing by Sami Salo.
19:05 of 3rd period - Riley Sheahan wins face-off versus Steve Ott in Sabres zone.
19:13 of 3rd period - Shot by Steve Ott.
19:13 of 3rd period - Stopped by Ryan Miller without a rebound.
19:14 of 3rd period - Brandon Dubinsky wins face-off versus Sidney Crosby in Sabres zone.
19:21 of 3rd period - Shot by Troy Brouwer.
19:21 of 3rd period - Shot Blocked by Kyle Okposo.
19:23 of 3rd period - Shot by Cody Eakin.
19:23 of 3rd period - Shot Misses the Net.
Goals for this period are 0 for Lightning vs 3 for Sabres.
Shots for this period are 8 for Lightning vs 19 for Sabres.

Overtime #1


0:01 of 1st overtime period - John Tavares wins face-off versus Sidney Crosby in neutral zone.
0:01 of 1st overtime period - Brent Burns is hit by Sidney Crosby and loses puck.
1:09 of 1st overtime period - Icing by T.J. Brodie.
1:10 of 1st overtime period - Brandon Dubinsky wins face-off versus Jarome Iginla in Lightning zone.
1:27 of 1st overtime period - Shot by Jarome Iginla.
1:27 of 1st overtime period - Shot Misses the Net.
2:07 of 1st overtime period - Shot by Brent Burns.
2:07 of 1st overtime period - Shot Misses the Net.
2:29 of 1st overtime period - Shot by Thomas Vanek.
2:29 of 1st overtime period - Shot Blocked by Dan Hamhuis.
2:55 of 1st overtime period - Off-side.
2:56 of 1st overtime period - Sidney Crosby wins face-off versus John Tavares in neutral zone.
3:10 of 1st overtime period - Shot by Sidney Crosby.
3:10 of 1st overtime period - Shot Misses the Net.
3:18 of 1st overtime period - Shot by Jarome Iginla.
3:18 of 1st overtime period - Stopped by Brian Elliott without a rebound.
3:19 of 1st overtime period - Brandon Dubinsky wins face-off versus Paul Gaustad in Lightning zone.
4:03 of 1st overtime period - Shot by John Tavares.
4:03 of 1st overtime period - Stopped by Ryan Miller without a rebound.
4:04 of 1st overtime period - Sidney Crosby wins face-off versus John Tavares in Sabres zone.
4:16 of 1st overtime period - Icing by John Tavares.
4:17 of 1st overtime period - Sidney Crosby wins face-off versus John Tavares in Lightning zone.
4:32 of 1st overtime period - Shot by John Tavares.
4:32 of 1st overtime period - Shot Misses the Net.
4:42 of 1st overtime period - Shot by Sidney Crosby.
4:42 of 1st overtime period - Shot Misses the Net.
Goals for this period are 0 for Lightning vs 0 for Sabres.
Shots for this period are 1 for Lightning vs 1 for Sabres.

ShootOut


5:00 of 1st overtime period - Penalty Shot by Jeff Carter for Lightning.
5:00 of 1st overtime period - Goal by Jeff Carter.
5:00 of 1st overtime period - Penalty Shot by Sidney Crosby for Sabres.
5:00 of 1st overtime period - Goal by Sidney Crosby.
5:00 of 1st overtime period - Penalty Shot by John Tavares for Lightning.
5:00 of 1st overtime period - Stopped by Ryan Miller.
5:00 of 1st overtime period - Penalty Shot by Thomas Vanek for Sabres.
5:00 of 1st overtime period - Stopped by Brian Elliott.
5:00 of 1st overtime period - Penalty Shot by Kyle Okposo for Lightning.
5:00 of 1st overtime period - Goal by Kyle Okposo.
5:00 of 1st overtime period - Penalty Shot by Jarome Iginla for Sabres.
5:00 of 1st overtime period - Shot Misses the Net.


Output by the SimonT Hockey Simulator (STHS) for Mathias Vaigur -- Original Page W3C XHTML 1.0 Valid
Hockey Simulator - Hockey Simulation - Hockey Manager